 Dungeon Crawl Stone Soup version 0.17-a0-1435-geafbe2f (webtiles) character file.

313 Malachi the Chopper (level 6, -2/47 HPs)
             Began as a Demonspawn Gladiator on June 26, 2015.
             Splashed by a jelly's acid (6 damage)
             ... on level 4 of the Dungeon.
             The game lasted 00:05:59 (3810 turns).

Malachi the Chopper (Demonspawn Gladiator)          Turns: 3810, Time: 00:06:01

Health: -2/47      AC:  0    Str: 17    XL:     6   Next: 19%
Magic:  0/6        EV:  8    Int: 10    God:
Gold:   200        SH:  0    Dex: 13    Spells: 0 memorised, 5 levels left

rFire  + . .     SeeInvis .     t - +0 war axe
rCold  . . .     Clarity  .     o - +0 chain mail
rNeg   . . .     SustAt   .     (no shield)
rPois  .         Gourm    .     c - +1 helmet
rElec  .         Spirit   +     (no cloak)
rCorr  .         Warding  .     (no gloves)
rMut   .         Stasis   .     (no boots)
MR     .....                    (no amulet)
Stlth  ..........               (no ring)
                                (no ring)

@: corroded equipment, not resistant to hostile enchantments, extremely
unstealthy
A: fire resistance 1, magic shield, flame cloud immunity
a: no special abilities


You were on level 4 of the Dungeon.
You were not hungry.

You visited 1 branch of the dungeon, and saw 4 of its levels.

You collected 200 gold pieces.

Inventory:

Hand weapons
 f - a +1 whip of draining
 l - a +0 blowgun
 t - a +0 war axe (weapon)
Missiles
 b - 12 poisoned needles
 d - 3 throwing nets (quivered)
Armour
 c - a +1 helmet (worn)
 o - a +0 chain mail (worn)
Magical devices
 u - a wand of teleportation (5)
Scrolls
 a - a scroll of random uselessness {unknown}
 e - a scroll of remove curse
 g - a scroll of teleportation
 h - 5 scrolls of identify
 n - a scroll of amnesia
 p - a scroll of blinking {unknown}
 q - a scroll of recharging {unknown}
Potions
 j - a potion of flight
 r - 2 potions of heal wounds {unknown}
 v - a potion of degeneration {unknown}
Comestibles
 i - 6 fruits
 k - 4 meat rations
 m - a beef jerky
 s - a bread ration


   Skills:
 + Level 3.3 Fighting
 + Level 3.9 Axes
 + Level 2.0 Throwing
 + Level 2.6 Armour
 + Level 3.8 Dodging
 + Level 0.2 Stealth


You had 5 spell levels left.
You didn't know any spells.

Dungeon Overview and Level Annotations

Branches:
Dungeon (4/15)
 Temple: D:4-7

Altars:
Cheibriados
Dithmenos
Elyvilon
Trog

Annotations:
D:2 1 exclusion


Innate Abilities, Weirdness & Mutations

Your flesh is heat resistant.
When hurt, damage is shared between your health and your magic reserves.
You are immune to clouds of flame.


Message History

The jelly is heavily wounded.
The jelly hits you.
You are splashed with acid!
The acid burns!
You hit the jelly but do no damage.
Your hands burn!
The jelly is heavily wounded.
The jelly hits you.
You are splashed with acid!
The acid corrodes you!
The acid burns!
You hit the jelly. The acid corrodes you!
Your hands burn!
The jelly is heavily wounded.
The jelly hits you.
You are splashed with acid!
The acid burns!
* * * LOW HITPOINT WARNING * * *
The jelly closely misses you.
You are too injured to fight recklessly!
You hit the jelly but do no damage.
Your hands burn!
* * * LOW HITPOINT WARNING * * *
The jelly is heavily wounded.
The jelly jiggles.
The jelly hits you.
* * * LOW HITPOINT WARNING * * *
You are splashed with acid!
The acid corrodes you!
The acid burns!
You die...

### #.. ##.##
... #J######
#@.....#
#......#
#......#
#......#
.######.######
.............##
ยง######.####..#
#.# ##.# #.# #.#


You could see a jelly.

Vanquished Creatures
  A scorpion (D:3)
  2 hounds (D:4)
  A worker ant (D:4)
  3 gnolls (D:4)
  7 adders
  An ooze (D:3)
  5 worms
  2 giant geckos
  8 bats
  3 giant cockroaches
  7 hobgoblins
  2 jackals (D:1)
  7 kobolds
  2 ball pythons
  A giant gecko skeleton (D:4)
  4 giant newts
  9 goblins
  11 rats
76 creatures vanquished.

Notes
Turn   | Place    | Note
--------------------------------------------------------------
     0 | D:1      | Malachi the Demonspawn Gladiator began the quest for the Orb.
     0 | D:1      | Reached XP level 1. HP: 16/16 MP: 1/1
   375 | D:1      | Gained mutation: Your flesh is heat resistant. [demonic ancestry]
   375 | D:1      | Reached XP level 2. HP: 11/22 MP: 2/2
   743 | D:1      | Reached skill level 3 in Axes
  1146 | D:2      | Reached XP level 3. HP: 21/28 MP: 3/3
  1273 | D:2      | Noticed a moth of wrath
  1276 | D:2      | Found a bloodstained altar of Trog.
  1322 | D:2      | Reached skill level 1 in Armour
  1605 | D:2      | Found a white marble altar of Elyvilon.
  1753 | D:2      | Reached XP level 4. HP: 4/34 MP: 4/4
  1765 | D:2      | HP: 1/34 [poisoned by an adder]
  2235 | D:3      | Gained mutation: You are immune to clouds of flame. [demonic ancestry]
  2235 | D:3      | Reached XP level 5. HP: 18/39 MP: 5/5
  2741 | D:3      | Found a snail-covered altar of Cheibriados.
  2897 | D:3      | Found a shadowy altar of Dithmenos.
  3523 | D:4      | Gained mutation: When hurt, damage is shared between your health and your magic reserves. [demonic ancestry]
  3523 | D:4      | Reached XP level 6. HP: 35/47 MP: 6/6
  3810 | D:4      | Splashed by a jelly's acid

Vault maps used:
D:1:      dpeg_arrival_stone_temple_mockup, minmay_crystal_room
D:2:      tgw_trog, elyvilon_altar_5
D:3:      lemuel_round_altar, cheibriados_altar_1
D:4:      first_bread, kennysheep_generic_room_7

Action                   |  1- 3 |  4- 6 || total
-------------------------+-------+-------++-------
Melee: War axe           |   159 |   143 ||   302
  Use: Scroll            |     3 |     4 ||     7
       Potion            |     4 |       ||     4
  Eat: Bread ration      |     1 |       ||     1
       Chunk             |       |     4 ||     4
       Fruit             |       |     1 ||     1
